 Dungeon Crawl Stone Soup version 0.19.4-9-g45fd643 (webtiles) character file.

91 vatarom the Chopper (level 4, -2/39 HPs)
             Began as a Hill Orc Fighter on Feb 21, 2017.
             Killed from afar by an orc wizard (5 damage)
             ... with a magic dart
             ... on level 3 of the Dungeon.
             The game lasted 00:06:28 (1581 turns).

vatarom the Chopper (Hill Orc Fighter)              Turns: 1581, Time: 00:06:29

Health: -2/39      AC:  6    Str: 23    XL:     4   Next: 57%
Magic:  4/4        EV:  8    Int:  8    God:
Gold:   132        SH: 10    Dex: 11    Spells: 0 memorised, 3 levels left

rFire  . . .     SeeInvis .     a - +0 war axe
rCold  . . .     Gourm    .     b - +0 scale mail
rNeg   . . .     Faith    .     c - +1 shield
rPois  .         Spirit   .     (no helmet)
rElec  .         Reflect  .     (no cloak)
rCorr  .         Harm     .     (no gloves)
MR     .....                    (no boots)
Stlth  +.........               (no amulet)
                                (no ring)
                                (no ring)

@: mighty, very slightly contaminated, hasted and slowed
A: camouflage 1, evolution 2
a: no special abilities


You were on level 3 of the Dungeon.
You were not hungry.

You visited 1 branch of the dungeon, and saw 3 of its levels.

You collected 132 gold pieces.

Inventory:

Hand Weapons
 a - a +0 war axe (weapon)
Armour
 b - a +0 scale mail (worn)
 c - a +1 shield (worn)
Wands
 g - a wand of random effects (16/48)
Scrolls
 k - a scroll of remove curse
Potions
 j - a potion of magic
Comestibles
 f - a bread ration
 h - a beef jerky
 i - 2 meat rations


   Skills:
 - Level 3.6 Fighting
 + Level 4.0 Axes
 - Level 3.4 Armour
 - Level 2.5 Dodging
 - Level 3.4 Shields


You had 3 spell levels left.
You didn't know any spells.

Dungeon Overview and Level Annotations

Branches:
Dungeon (3/15)

Altars:


Innate Abilities, Weirdness & Mutations

Your skin changes colour to match your surroundings (Stealth+).
You rapidly evolve.


Message History

You feel yourself speed up. The kobold barely misses you.
The orc hits you but does no damage.
The orc wizard gestures wildly while chanting.
The orc wizard seems to speed up.
You are very lightly contaminated with residual magic.
You feel very mighty all of a sudden. The kobold hits you but does no damage.
You closely miss the kobold. You barely miss the orc wizard.
You block the kobold's attack. You block the orc wizard's attack.
The kobold hits you.
* * * LOW HITPOINT WARNING * * *
The orc wizard hits you with a dagger.
* * * LOW HITPOINT WARNING * * *
Your shield and scale mail prevent you from hitting the orc wizard.
You slash the kobold!
You kill the kobold!
The orc wizard hits you but does no damage.
The orc wizard casts a spell at you. The magic dart hits you!
You die...

.................<#
...#.#.......##....
........!...#####.
#..........#.....
#............####
#...............# #
#....).....# #...
#.##o)........# ..#.
#..@o...P..P..##.##.
#..##...####.....##
+.# #...#.%#..####
... ##..#.['...# ...
#..####...# ###.
#.........### #
............##
##########..# ##.##


You could see an orc wizard and an orc.

Vanquished Creatures
  An ooze (D:2)
  3 worms
  5 dart slugs
  2 orcs (D:3)
  11 giant cockroaches
  8 hobgoblins
  3 jackals (D:2)
  2 quokkas (D:2)
  5 bats
  2 frilled lizards
  9 goblins
  4 kobolds
  4 rats (D:1)
59 creatures vanquished.

Notes
Turn   | Place    | Note
-------+----------+-------------------------------------------
     0 | D:1      | vatarom the Hill Orc Fighter began the quest for the Orb.
     0 | D:1      | Reached XP level 1. HP: 19/19 MP: 1/1
   110 | D:1      | Reached skill level 1 in Dodging
   110 | D:1      | Reached XP level 2. HP: 22/26 MP: 2/2
   255 | D:1      | Reached XP level 3. HP: 31/31 MP: 3/3
   896 | D:2      | Reached skill level 3 in Axes
   896 | D:2      | Reached XP level 4. HP: 39/39 MP: 4/4
  1296 | D:3      | Found a faded altar of an unknown god.
  1537 | D:3      | Gained mutation: You evolve. [potion of mutation]
  1537 | D:3      | Gained mutation: Your skin changes colour to match your surroundings (Stealth+). [potion of mutation]
  1537 | D:3      | Gained mutation: You rapidly evolve. [potion of mutation]
  1573 | D:3      | Reached skill level 4 in Axes
  1581 | D:3      | Killed from afar by an orc wizard

Skill      XL: |  1  2  3  4 |
---------------+-------------+-----
Dodging        | 1 2 |  2.5
Axes           | 3 4 |  4.0
Fighting       | |  3.6
Armour         | |  3.4
Shields        | |  3.4

Action                   |  1- 3 |  4- 6 || total
-------------------------+-------+-------++-------
Melee: War axe           |   136 |    88 ||   224
Evoke: Wand              |     1 |       ||     1
  Use: Scroll            |     2 |     2 ||     4
       Potion            |     3 |     4 ||     7
  Eat: Chunk             |       |     2 ||     2
       Bread ration      |       |     1 ||     1
Armor: Scale mail        |    65 |    36 ||   101
Dodge: Dodged            |    56 |    23 ||    79
Block: Shield            |    98 |    50 ||   148
